 Dungeon Crawl Stone Soup version 0.29-a0-582-ge82337ba6a (webtiles) character file.

Game seed: 15921083520110202388

1697 mandarbmax the Quickloader (level 9, -14/63 HPs)
             Began as a Barachi Hunter on June 15, 2022.
             Was a Follower of Cheibriados.
             Demolished by Edmund
             ... wielding a +4 dire flail of distortion
              (15 damage)
             ... on level 5 of the Dungeon.
             The game lasted 00:13:43 (5298 turns).

mandarbmax the Quickloader (Barachi Hunter)         Turns: 5298, Time: 00:13:45

Health: -14/63     AC:  9    Str: 19 (20) XL:     9   Next: 3%
Magic:  11/11      EV: 13    Int: 10 (12) God:    Cheibriados [*.....]
Gold:   183        SH:  0    Dex: 23 (25) Spells: 8/8 levels left

rFire   . . .      SeeInvis .   f - +1 triple crossbow (vorpal)
rCold   + . .      Faith    .   (shield currently unavailable)
rNeg    . . .      Spirit   .   q - +3 leather armour {rC+}
rPois   .          Reflect  .   (no helmet)
rElec   .          Harm     +   (no cloak)
rCorr   .          Rampage  .   (no gloves)
Will    .....                   r - +2 pair of boots of the Equinox {Harm Regen+ Str+3 Dex+3}
Stlth   +++.......              (no amulet)
HPRegen 1.00/turn               (no ring)
MPRegen 0.12/turn               (no ring)

@: unable to hop, very slow
A: amphibious, slowness 1, strong legs 1, +LOS
a: Hop, Renounce Religion, Bend Time


You were on level 5 of the Dungeon.
You worshipped Cheibriados.
Cheibriados was aware of your devotion.
You visited 2 branches of the dungeon, and saw 6 of its levels.
You visited the Abyss 1 time.

You collected 183 gold pieces.

Inventory:

Hand Weapons
 a - a +1 shortbow
 f - a +1 vorpal triple crossbow (weapon)
Armour
 q - a +3 leather armour of cold resistance (worn)
 r - the +2 pair of boots of the Equinox (worn) {Harm Regen+ Str+3 Dex+3}
   (You found it on level 5 of the Dungeon)

   Str:       It affects your strength (+3).
   Dex:       It affects your dexterity (+3).
   Regen:     It increases your rate of health regeneration.
   Harm:      It increases damage dealt and taken.
Jewellery
 c - a ring of fire
Scrolls
 d - 3 scrolls of vulnerability
 e - a scroll of magic mapping
 k - 2 scrolls of enchant armour
 l - a scroll of brand weapon
Potions
 h - 2 potions of cancellation
 i - a potion of berserk rage
 n - a potion of haste
 o - 2 potions of brilliance


   Skills:
 - Level 3.0 Fighting
 - Level 4.1 Bows
 * Level 9.6 Crossbows
 - Level 3.0 Dodging
 + Level 3.4 Stealth
 + Level 2.9 Invocations


You had 8 spell levels left.
You didn't know any spells.
Your spell library contained the following spells:

 Spells                   Type           Power      Damage    Failure   Level
 Beastly Appendage        Tmut           0%         N/A       41%         1
 Wereblood                Tmut           0%         N/A       56%         2
 Spider Form              Tmut/Pois      0%         N/A       80%         3


Dungeon Overview and Level Annotations

Branches:
Dungeon (5/15)             Temple (1/1) D:4

Altars:
Ashenzari
Cheibriados
Dithmenos
Elyvilon
Gozag
Makhleb
Ru
Uskayaw
Vehumet
Wu Jian
Xom
Yredelemnul
Zin
The Shining One

Shops:
D:4 [

Annotations:
D:5 1 runed translucent door, Crazy Yiuf, Edmund


Innate Abilities, Weirdness & Mutations

You are amphibious.
You cover ground slowly.
You can hop short distances.
You have an extended range of vision and can be seen from far away.


Message History

You shoot a bolt. The bolt barely misses Edmund.
Edmund barely misses you.
Edmund hits you with a +4 dire flail of distortion!
Space warps horribly around you!!
* * * LOW HITPOINT WARNING * * *
Okay, then.
Okay, then.
Okay, then.
You feel much better.
Edmund hits you with a +4 dire flail of distortion!
* * * LOW HITPOINT WARNING * * *
You blink.
Okay, then.
Okay, then.
You aren't carrying any items that you can evoke.
Edmund hits you with a +4 dire flail of distortion!
* * * LOW HITPOINT WARNING * * *
Space warps around you.
* * * LOW HITPOINT WARNING * * *
Unknown command.
Okay, then.
Okay, then.
Shoot: f) +1 triple crossbow (vorpal)
Press: ? - help, Q - select action, (/) - cycle Shift-Dir - straight line, f/p - Edmund
Aim: Edmund, wielding a +4 dire flail of distortion, wearing a +0 ring mail and wearing a ring of protection from cold (69% to hit)
You shoot a bolt. The bolt hits Edmund!
Edmund is moderately wounded.
Edmund barely misses you.
Shoot: f) +1 triple crossbow (vorpal)
Press: ? - help, Q - select action, (/) - cycle Shift-Dir - straight line, f/p - Edmund
Aim: Edmund, wielding a +4 dire flail of distortion, wearing a +0 ring mail and wearing a ring of protection from cold (moderately wounded, 69% to hit)
You shoot a bolt.
The bolt hits Edmund but does no damage.
Edmund is moderately wounded.
Edmund says, "People accused me of being a cutpurse!"
Edmund barely misses you.
Edmund hits you with a +4 dire flail of distortion!
* * * LOW HITPOINT WARNING * * *
Space warps horribly around you!
You die...

#.# ###...#### ### #.#
##.)#....#####..
##########
#.####..#####.##....#
.........# #.##<..##
#.##.#### .........##
#.##.### #....#
..........# #.##.# ###..#
####.####.###..#.#
########.# #.# #......#.#
##.....##.#### ###
######..@###............(
#..@.#.....<...###.. ♣♣♣
##.#.#.............#
♣.♣♣♣ ###
##..#............####
.♣..♣#...#
#...###.........>#
♣♣♣♣.+...#
#..#..............# ♣
♣♣#..)#
######...........## ###
#...........##
######.............###


You could see Edmund.

Vanquished Creatures
  Pikel (D:4)
  Eustachio (D:4)
  A chaos spawn (Abyss:1)
  Menkaure (D:4)
  2 water moccasins
  An ogre (D:5)
  A phantom (D:5)
  A lemure (D:4)
  A bullfrog (D:4)
  A scorpion (D:5)
  2 hounds (D:4)
  An orc priest (D:5)
  4 iguanas
  3 orc wizards
  4 adders
  7 gnolls (D:3)
  2 white imps (Abyss:1)
  A worm (D:3)
  A dart slug (D:4)
  12 orcs
  9 ball pythons
  4 endoplasms
  3 giant cockroaches
  8 goblins
  8 hobgoblins
  2 jackals (D:1)
  5 quokkas
  4 bats
  2 frilled lizards
  4 kobolds
  3 rats
100 creatures vanquished.

Notes
Turn   | Place    | Note
-------+----------+-------------------------------------------
     0 | D:1      | mandarbmax the Barachi Hunter began the quest for the Orb.
     0 | D:1      | Reached XP level 1. HP: 17/17 MP: 1/1
   126 | D:1      | Reached XP level 2. HP: 23/23 MP: 2/2
   153 | D:1      | Reached skill level 1 in Crossbows
   690 | D:2      | Reached XP level 3. HP: 26/29 MP: 3/3
   746 | D:2      | Reached skill level 2 in Crossbows
  1455 | D:3      | Reached skill level 3 in Crossbows
  1455 | D:3      | Reached XP level 4. HP: 27/35 MP: 4/4
  1546 | D:3      | Reached skill level 4 in Crossbows
  1593 | D:3      | Reached XP level 5. HP: 41/41 MP: 5/5
  2384 | D:4      | Noticed Menkaure
  2388 | D:4      | Killed Menkaure
  2389 | D:4      | Reached skill level 5 in Crossbows
  2389 | D:4      | Reached XP level 6. HP: 47/47 MP: 6/6
  2478 | D:4      | Found a staircase to the Ecumenical Temple.
  2487 | Temple   | Entered the Ecumenical Temple
  2718 | Temple   | Became a worshipper of Cheibriados the Contemplative
  2748 | D:4      | Noticed Pikel
  2764 | D:4      | Killed Pikel
  2765 | D:4      | Reached skill level 8 in Crossbows
  2765 | D:4      | Reached XP level 7. HP: 18/52 MP: 7/7
  2765 | D:4      | Found Empu's Antique Armour Emporium.
  3121 | D:4      | Noticed Eustachio
  3124 | D:4      | Killed Eustachio
  3125 | D:4      | Reached skill level 1 in Stealth
  3125 | D:4      | Reached XP level 8. HP: 58/58 MP: 8/8
  3254 | D:4      | Reached skill level 1 in Invocations
  4004 | D:5      | Entered Level 5 of the Dungeon
  4073 | D:5      | Reached * piety under Cheibriados
  4078 | D:5      | Reached skill level 9 in Crossbows
  4279 | D:5      | Noticed Edmund
  4637 | D:5      | Identified the +2 pair of boots of the Equinox {Harm Regen+
                  | Str+3 Dex+3}
  4653 | D:5      | Reached XP level 9. HP: 41/63 MP: 11/11
  4970 | D:5      | Found a runed translucent door.
  4971 | D:5      | Noticed Crazy Yiuf
  5016 | D:5      | Cast into level 1 of the Abyss (Edmund)
  5156 | Abyss:1  | Noticed a rust devil
  5162 | Abyss:1  | Noticed an ancient zyme
  5164 | Abyss:1  | Noticed a Hell Sentinel
  5230 | Abyss:1  | Noticed a worldbinder
  5290 | D:5      | Escaped the Abyss
  5298 | D:5      | HP: 1/63 [Edmund/+4 dire flail of distortion (12)]
  5298 | D:5      | Demolished by Edmund

Illustrated notes

Levels and vault maps discovered:
D:1:      sevenhm_arrival_forest_fort_large_2, layout_rooms
D:2:      layout_loops_ring
D:3:      layout_loops_ring, minmay_close_crescents
D:4:      layout_loops_corners, minmay_temple_entry_nine_rooms, serial_shops,
          nicolae_shop_waterfront, minmay_small_thing, uniq_pikel,
          uniq_eustachio, uniq_menkaure
D:5:      layout_rooms, uniq_edmund, uniq_crazy_yiuf_cottage
Temple:   mainiacjoe_temple_big_plus

Skill      XL: |  1  2  3  4  5  6  7  8 |
---------------+-------------------------+-----
Fighting       | 3 |  3.0
Crossbows      | 1 3 4 5 8 9 |  9.6
Stealth        | 1 3 |  3.4
Dodging        | 3 |  3.0
Invocations    | 2 |  2.9
Bows           | |  4.1

Action                   |  1- 3 |  4- 6 |  7- 9 || total
-------------------------+-------+-------+-------++-------
 Fire: Shortbow          |    11 |       |       ||    11
       Triple crossbow   |    54 |    63 |   128 ||   245
 Abil: Hop               |       |     2 |     5 ||     7
  Use: Scroll            |       |     1 |    12 ||    13
       Potion            |       |       |     4 ||     4
Armor: Leather armour    |    21 |     6 |    28 ||    55
Dodge: Dodged            |    33 |    26 |    73 ||   132

Table legend: (Time is in decaauts)
 A = Elapsed time spent in this place.
 B = Non-inter-level travel time spent in this place.
 C = Inter-level travel time spent in this place.
 D = Time resting spent in this place.
 E = Time spent auto-exploring this place.
 F = Levels seen in this place.
 G = Mean time per level.
                   A        B        C        D        E       F      G
               +--------+--------+--------+--------+--------+-----+--------+
         Total |   6685 |   6380 |    305 |    180 |   5004 |   7 |  955.0 |
       Dungeon |   5952 |   5694 |    258 |    146 |   4749 |   5 | 1190.4 |
        Temple |    306 |    260 |     46 |      0 |    255 |   1 |  306.0 |
         Abyss |    426 |    426 |      0 |     34 |      0 |   1 |  426.0 |
               +--------+--------+--------+--------+--------+-----+--------+

Top non-repeatable levels by time:
     D:4: 2053 daAuts
     D:3: 1218 daAuts
     D:5: 1078 daAuts
     D:2: 805 daAuts
     D:1: 796 daAuts
 Abyss:1: 426 daAuts
  Temple: 306 daAuts
